AoeStats
← Mycorrhizal

Arena

508533463Analyzed
3v3 RM · 9d ago on Sep 22, 2026· 23m 44s· 6 players
Game mode
Random Map
Map size
Normal (6 player)
Population
200
Speed
Normal
Resources
Standard
Victory
Conquest
Starting age
Dark Age
Ending age
Imperial Age
RankedLock teamsTeams togetherTeam positionsShared explorationLock speedFull tech treeHidden civsTurbo modeCheats
Victory
Defeat
1510
+14
🇦🇷 Celts · Argentina
1450
+17
🇦🇷 Random · Argentina
1444
+17
🇫🇷 Cumans · France
1523
-18
🇧🇷 Bengalis · Brazil
1445
-15
🇨🇦 Berbers · Canada
1434
-15
Mycorrhizal
9:59 Feudal Age
13:18 Fletching
19:50 Castle Age
Don JaMaL
7:13 Loom
9:23 Feudal Age
10:10 Double-Bit Axe
10:06 Horse Collar
14:56 Wheelbarrow
19:55 Castle Age
19:24 Bloodlines
19:37 Padded Archer Armor
19:37 Scale Mail Armor
19:43 Scale Barding Armor
19:51 Forging
20:29 Gold Mining
21:23 Bow Saw
21:22 Heavy Plow
21:48 Chain Barding Armor
23:53 Iron Casting
23:18 Scale Mail Armor
Karzul
10:10 Feudal Age
14:26 Castle Age
12:37 Double-Bit Axe
12:33 Horse Collar
12:56 Loom
23:49 Wheelbarrow
23:46 Bow Saw
Lucas Vidal Podestá
10:13 Feudal Age
9:57 Loom
14:14 Castle Age
12:31 Double-Bit Axe
13:37 Horse Collar
15:39 Bow Saw
Cayo Mario - Siete veces Cónsul
11:43 Feudal Age
15:17 Castle Age
13:14 Horse Collar
13:21 Double-Bit Axe
14:35 Scale Mail Armor
16:05 Squires
16:23 Chain Mail Armor
17:53 Gold Mining
18:15 Bow Saw
21:52 Devotion
22:14 Loom
Busco señora que cobre PUAM
5:46 Loom
8:03 Feudal Age
9:48 Fletching
22:11 Castle Age
Connection lost

Rejoining the realm…

Still unreachable

The connection could not be restored.

Session expired

The server has moved on; the page needs a fresh start.